 Dungeon Crawl Stone Soup version 0.30-a0-46-g5a63ccc183 (webtiles) character file.

Game seed: 9073404524743053401

7964 LnG the Cleaver (level 11, -1/97 HPs)
             Began as a Hill Orc Fighter on Sept 1, 2022.
             Was an Elder of Okawaru.
             Slain by Urug
             ... wielding a +3 battleaxe of electrocution
              (17 damage)
             ... on level 1 of the Lair of Beasts.
             The game lasted 00:48:25 (13808 turns).

LnG the Cleaver (Hill Orc Fighter)                 Turns: 13808, Time: 00:48:26

Health: -1/97      AC: 15    Str: 24    XL:     11   Next: 23%
Magic:  0/11       EV: 15    Int:  8    God:    Okawaru [****..]
Gold:   427        SH:  7    Dex: 10    Spells: 10/10 levels left

rFire   . . .      SeeInvis .    a - +0 war axe
rCold   + . .      Faith    .    c - +2 buckler
rNeg    . . .      Spirit   +    b - +0 scale mail
rPois   .          Reflect  .    (no helmet)
rElec   .          Harm     .    w - +2 cloak
rCorr   .          Rampage  .    l - +0 pair of gloves
Will    .....                    e - +1 pair of boots {Fly}
Stlth   ..........               r - amulet of guardian spirit
HPRegen 0.26/turn                g - ring of protection from cold
MPRegen 0.12/turn                p - +4 ring of evasion

@: about to teleport, flying
A: no striking features
a: Renounce Religion, Heroism, Finesse


You were on level 1 of the Lair of Beasts.
You worshipped Okawaru.
Okawaru was greatly pleased with you.
You visited 3 branches of the dungeon, and saw 10 of its levels.

You collected 427 gold pieces.

Inventory:

Hand Weapons
 a - a +0 war axe (weapon)
 y - a +4 short sword
Missiles
 s - 7 boomerangs (quivered)
Armour
 b - a +0 scale mail (worn)
 c - a +2 buckler (worn)
 e - a +1 pair of boots of flying (worn)
 l - a +0 pair of gloves (worn)
 w - a +2 cloak (worn)
Jewellery
 g - a ring of protection from cold (left hand)
 p - a +4 ring of evasion (right hand)
 r - an amulet of guardian spirit (around neck)
Wands
 n - a wand of paralysis (19)
Scrolls
 i - 2 scrolls of magic mapping
 j - a scroll of immolation {unknown}
 o - a scroll of fog
 u - a scroll of blinking
 x - a scroll of amnesia
 A - a scroll of identify
Potions
 d - 3 potions of attraction
 f - a potion of experience {unknown}
 h - a potion of degeneration {unknown}
 k - a potion of brilliance {unknown}
 m - 2 potions of haste
 q - a potion of curing {unknown}
 t - 2 potions of flight
 v - 2 potions of mutation


   Skills:
 + Level 9.3 Fighting
 + Level 14.0 Axes
 + Level 1.1 Throwing
 + Level 9.0 Armour
 + Level 4.2 Dodging
 + Level 1.5 Stealth
 + Level 7.1 Shields
 + Level 1.2 Evocations


You had 10 spell levels left.
You didn't know any spells.
Your spell library contained the following spells:

 Spells                   Type           Power      Damage    Failure   Level
 Apportation              Tloc           0%         N/A       75%         1
 Gell's Gravitas          Tloc           0%         N/A       98%         3
 Lesser Beckoning         Tloc           0%         N/A       98%         3
 Teleport Other           Tloc           0%         N/A       98%         3
 Passage of Golubria      Tloc           0%         N/A       100%        4
 Alistair's Intoxication  Tmut/Pois      0%         N/A       100%        5
 Yara's Violent Unravell  Hex/Tmut       0%         3d3       100%        5
 Tukima's Dance           Hex            Unusable   N/A       N/A         3

Dungeon Overview and Level Annotations

Branches:
Dungeon (8/15)             Temple (1/1) D:6            Lair (1/5) D:8

Altars:
Ashenzari
Cheibriados
Dithmenos
Elyvilon
Fedhas
Gozag
Kikubaaqudgha
Makhleb
Nemelex Xobeh
Okawaru
Qazlal
Ru
Sif Muna
Trog
Uskayaw
Wu Jian
Xom
Yredelemnul
The Shining One

Annotations:
D:4 Dowan, Duvessa
Lair:1 Urug


Message History

HP restored.
Found a whip.
Found a leather armour.
You see here a black mamba skeleton.
Found a stone staircase leading down.
Urug the Orcish Ballista comes into view.
She is wielding a +3 battleaxe of electrocution.
Urug shouts!
Urug throws a javelin.
The javelin pierces through you but does no damage.
Urug complains noisily.
Urug drinks a potion.
Urug suddenly seems more resistant.
Urug throws a javelin.
The javelin barely misses you.
Urug throws a javelin.
The javelin pierces through you.
Urug throws a javelin.
The javelin closely misses you.
Urug throws a javelin.
The javelin pierces through you but does no damage.
Urug throws a javelin.
The javelin pierces through you!
You hit Urug but do no damage. Urug closely misses you.
You hit Urug.
Urug is lightly wounded.
Urug hits you with a +3 battleaxe of electrocution!!
You slash Urug!
Urug is lightly wounded.
Urug hits you with a +3 battleaxe of electrocution!!
You are too injured to fight recklessly!
You barely miss Urug.
Urug is lightly wounded.
Urug barely misses you.
You hit Urug.
Urug is moderately wounded.
Urug hits you with a +3 battleaxe of electrocution!!
* * * LOW HITPOINT WARNING * * *
As you read the scroll of teleportation, it crumbles to dust.
You feel strangely unstable.
Urug squints, then shrugs and mutters, "Close enough."
Urug hits you with a +3 battleaxe of electrocution!
* * * LOW HITPOINT WARNING * * *
Urug attacks as you move away!
Urug hits you with a +3 battleaxe of electrocution!!
You die...

#≈~≈≈≈≈≈≈≈~..........
#.~~≈≈≈≈≈≈≈.......#.##
##.~~.~≈≈≈≈...#.......
#.~.<..~~.#.#....#...
#......~÷............
###.....#...##P.....#..
#....#................#
###......#.......##.....
#.....#@##...........#..
#......o#....###........
#............# #........
####.##.#....# #...#....
#..#......# #...##.#.
#........###########.
#..........# #.
#..........## ##
#....###÷...#


You could see Urug (resistant).

Vanquished Creatures
  Pikel (D:5)
  A black mamba (Lair:1)
  A komodo dragon (D:8)
  Psyche (D:8)
  A troll (D:5)
  4 blink frogs (D:8)
  Sigmund (D:6)
  3 wyverns
  4 yaks
  A basilisk (D:8)
  4 water moccasins (D:8)
  An orc warrior (D:5)
  2 ice beasts
  4 black bears
  6 ogres
  3 wolves
  A lemure (D:5)
  2 phantoms
  A kobold brigand (D:7)
  2 necrophages
  5 bullfrogs
  14 wights
  4 howler monkeys
  3 quasits (D:6)
  5 jellies
  3 hounds
  Crazy Yiuf (D:4)
  3 orc priests
  A gnoll bouda (D:5)
  10 iguanas
  4 orc wizards
  15 adders
  6 shadow imps
  2 white imps
  4 ufetubi (D:6)
  2 worms (D:2)
  2 dart slugs
  20 orcs
  6 ball pythons
  2 bats
  11 endoplasms
  3 giant cockroaches
  5 goblins
  5 hobgoblins
  8 jackals
  2 quokkas
  9 frilled lizards
  11 kobolds
  5 rats
215 creatures vanquished.

Vanquished Creatures (others)
  An orc (D:8)
  3 demonic plants (D:6)
  9 fungi
  31 plants
44 creatures vanquished.

Grand Total: 259 creatures vanquished

Notes
Turn   | Place    | Note
-------+----------+-------------------------------------------
     0 | D:1      | LnG the Hill Orc Fighter began the quest for the Orb.
     0 | D:1      | Reached XP level 1. HP: 19/19 MP: 1/1
   142 | D:1      | Reached XP level 2. HP: 27/27 MP: 2/2
   435 | D:1      | Reached skill level 3 in Axes
   555 | D:1      | Reached XP level 3. HP: 27/33 MP: 3/3
   980 | D:2      | Reached XP level 4. HP: 36/40 MP: 4/4
  1424 | D:2      | Found a faded altar of an unknown god.
  1731 | D:3      | Reached skill level 4 in Axes
  1932 | D:3      | Reached XP level 5. HP: 46/47 MP: 5/5
  2926 | D:4      | Reached skill level 5 in Axes
  2975 | D:5      | Entered Level 5 of the Dungeon
  2981 | D:5      | Reached XP level 6. HP: 49/55 MP: 6/6
  3381 | D:4      | Noticed a black bear
  3403 | D:4      | Killed a black bear
  3404 | D:4      | Reached skill level 5 in Fighting
  3404 | D:4      | Reached skill level 1 in Dodging
  3553 | D:4      | Reached skill level 6 in Axes
  3586 | D:4      | Reached XP level 7. HP: 55/61 MP: 7/7
  3822 | D:4      | Found a runed translucent door.
  3823 | D:4      | Noticed Crazy Yiuf
  3831 | D:4      | Killed Crazy Yiuf
  3832 | D:4      | Reached skill level 7 in Axes
  4113 | D:5      | Noticed Pikel
  4158 | D:5      | Noticed Duvessa
  4158 | D:5      | Noticed Dowan
  4810 | D:5      | Reached skill level 5 in Armour
  4909 | D:5      | Killed Pikel
  4910 | D:5      | Reached skill level 8 in Axes
  4910 | D:5      | Reached XP level 8. HP: 50/70 MP: 6/8
  5194 | D:5      | Reached skill level 9 in Axes
  5431 | D:5      | Reached skill level 5 in Shields
  5431 | D:5      | Reached XP level 9. HP: 49/78 MP: 5/9
  6204 | D:5      | Reached skill level 10 in Axes
  6204 | D:5      | Reached skill level 1 in Stealth
  6688 | D:6      | Found a staircase to the Ecumenical Temple.
  6739 | D:6      | Noticed a troll
  6986 | D:5      | Killed a troll
  7214 | Temple   | Entered the Ecumenical Temple
  7275 | Temple   | Became a worshipper of Warmaster Okawaru
  7463 | D:6      | Reached skill level 11 in Axes
  7505 | D:6      | Noticed Sigmund
  7806 | D:6      | Killed Sigmund
  8164 | D:7      | Reached * piety under Okawaru
  8376 | D:7      | Reached XP level 10. HP: 42/76 MP: 4/10
  8640 | D:7      | Noticed a two-headed ogre
  9152 | D:7      | Reached skill level 1 in Evocations
 10111 | D:8      | Reached skill level 12 in Axes
 10507 | D:8      | Reached ** piety under Okawaru
 10562 | D:7      | HP: 4/88 [poisoned by a water moccasin]
 11117 | D:8      | Found a staircase to the Lair.
 11372 | D:8      | Noticed Psyche
 11386 | D:7      | Reached skill level 1 in Throwing
 11491 | D:8      | Paralysed by something for 2 turns
 11505 | D:8      | Killed Psyche
 12100 | D:8      | Reached *** piety under Okawaru
 12102 | D:8      | Identified a scroll of acquirement
 12102 | D:8      | Acquired a +1 pair of boots of flying
 12250 | D:8      | Found a hide-covered altar of Uskayaw.
 12251 | D:8      | Found a burning altar of Makhleb.
 12770 | Lair:1   | Entered Level 1 of the Lair of Beasts
 12786 | D:8      | Reached skill level 13 in Axes
 12961 | D:8      | Reached XP level 11. HP: 80/97 MP: 8/11
 13190 | D:8      | Reached **** piety under Okawaru
 13655 | Lair:1   | Reached skill level 14 in Axes
 13761 | Lair:1   | Noticed Urug
 13808 | Lair:1   | Slain by Urug

Illustrated notes

Levels and vault maps discovered:
D:1:      lemuel_arrival_lava_pool, layout_rooms
D:2:      layout_loops_cross, shapermc_ecumenical_altar_mp_ritualfount
D:3:      layout_basic
D:4:      layout_rooms, serial_forest, infiniplex_forest_join,
          infiniplex_forest_end_1, infiniplex_forest_3_way,
          infiniplex_forest_clump_diagonal, infiniplex_forest_clump_small,
          infiniplex_forest_corner_2, infiniplex_forest_side_room,
          infiniplex_forest_lined_room_, infiniplex_forest_lined_3,
          infiniplex_forest_clump_double, minmay_fountain_box,
          uniq_crazy_yiuf_cottage
D:5:      minmay_angry_zag, layout_loops_ring, minmay_strange_pillars,
          uniq_pikel, uniq_duvessa
D:6:      layout_rooms, minmay_temple_entry_purple_smoke, serial_demonic,
          serial_demonic_f, serial_demonic_a, serial_demonic_f,
          serial_demonic_b, uniq_sigmund
D:7:      layout_loops_ring, enter_ossuary_3
D:8:      layout_cave_pods, mainiacjoe_overflow_divided_tiny,
          minmay_lair_entry_grove, nicolae_fountain_basement, uniq_psyche
Temple:   nicolae_temple_bog_church
Lair:1:   layout_misc_corridors, beast_lair_carwin_11, lemuel_fruit_tree,
          infiniplex_staircase_pool, uniq_urug

Skill      XL: |  1  2  3  4  5  6  7  8  9 10 11 |
---------------+----------------------------------+-----
Axes           | 3 4 5 6 8 9 11 13 14 | 14.0
Fighting       | 4 5 6 7 9 |  9.3
Armour         | 4 6 7 8 9 |  9.0
Shields        | 4 5 6 7 |  7.1
Dodging        | 1 2 3 4 |  4.2
Stealth        | 1 |  1.5
Evocations     | 1 |  1.2
Throwing       | 1 |  1.1

Action                   |  1- 3 |  4- 6 |  7- 9 | 10-12 || total
-------------------------+-------+-------+-------+-------++-------
Melee: War axe           |    62 |   191 |   303 |   301 ||   857
Throw: Boomerang         |       |       |     2 |     7 ||     9
Evoke: Wand              |       |       |       |     1 ||     1
  Use: Scroll            |     2 |     5 |     4 |    11 ||    22
       Potion            |       |       |     2 |     2 ||     4
Armor: Scale mail        |    37 |    90 |   136 |   113 ||   376
       Skin              |       |       |       |    60 ||    60
Dodge: Dodged            |    28 |    90 |   156 |   156 ||   430
Block: Buckler           |    16 |    40 |   126 |   109 ||   291

Table legend: (Time is in decaauts)
 A = Elapsed time spent in this place.
 B = Non-inter-level travel time spent in this place.
 C = Inter-level travel time spent in this place.
 D = Time resting spent in this place.
 E = Time spent auto-exploring this place.
 F = Levels seen in this place.
 G = Mean time per level.
                   A        B        C        D        E       F      G
               +--------+--------+--------+--------+--------+-----+--------+
         Total |  13895 |  13359 |    536 |   5697 |   3560 |  10 | 1389.5 |
       Dungeon |  13290 |  12780 |    510 |   5516 |   3560 |   8 | 1661.2 |
        Temple |     91 |     65 |     26 |      0 |      0 |   1 |   91.0 |
          Lair |    513 |    513 |      0 |    181 |      0 |   1 |  513.0 |
               +--------+--------+--------+--------+--------+-----+--------+

Top non-repeatable levels by time:
     D:5: 2496 daAuts
     D:8: 2368 daAuts
     D:7: 2270 daAuts
     D:4: 1704 daAuts
     D:6: 1458 daAuts
     D:3: 1243 daAuts
     D:1: 894 daAuts
     D:2: 854 daAuts
  Lair:1: 513 daAuts
  Temple: 91 daAuts
